 Dungeon Crawl Stone Soup version 0.18.1-1-g2f07953 (webtiles) character file.

8504 Eucla the Severer (level 11, -7/105 HPs)
             Began as a Minotaur Berserker on May 6, 2016.
             Was a High Priest of Trog.
             Killed by the air
             ... invoked by Gastronok
              (37 damage)
             ... on level 1 of the Lair of Beasts.
             The game lasted 00:11:37 (8962 turns).

Eucla the Severer (Minotaur Berserker)              Turns: 8962, Time: 00:11:38

Health: -7/105     AC: 13    Str: 22    XL:     11   Next: 10%
Magic:  10/10      EV: 10    Int:  4    God:    Trog [*****.]
Gold:   188        SH:  0    Dex: 13    Spells: 0 memorised, 10 levels left

rFire  x . .     SeeInvis .     O - +2 battleaxe (chop)
rCold  + . .     Gourm    .     C - +4 scale mail {rPois}
rNeg   . . .     Faith    .     (shield currently unavailable)
rPois  +         Spirit   .     (helmet restricted)
rElec  .         Dismiss  .     J - +0 cloak
rCorr  .         Reflect  .     m - +0 pair of gloves
SustAt .         Harm     .     h - +0 pair of boots
MR     .....     Rnd*Tele +     (no amulet)
Stlth  ..........               r - ring of ice
                                u - ring of teleportation

@: slowed, very slow, not resistant to hostile enchantments, extremely
unstealthy
A: retaliatory headbutt, horns 2
a: Berserk, Trog's Hand, Brothers in Arms, Burn Spellbooks, Renounce Religion


You were on level 1 of the Lair of Beasts.
You worshipped Trog.
Trog was extremely pleased with you.
You were very full.

You visited 2 branches of the dungeon, and saw 11 of its levels.
You also visited: Ice Cave.

You collected 613 gold pieces.
You spent 425 gold pieces at shops.

Inventory:

Hand Weapons
 a - a +0 hand axe
 p - a +0 hand axe of flaming
 O - a +2 battleaxe of chopping (weapon)
Armour
 b - a +0 animal skin
 g - a +0 plate armour
 h - a +0 pair of boots (worn)
 m - a +0 pair of gloves (worn)
 C - a +4 scale mail of poison resistance (worn)
 J - a +0 cloak (worn)
Jewellery
 r - a ring of ice (right hand)
 s - a +4 ring of intelligence
 u - a ring of teleportation (left hand)
 I - an uncursed ring of poison resistance
 N - an uncursed amulet of dismissal
 W - an uncursed amulet of guardian spirit
 Y - an uncursed ring of fire
Wands
 k - a wand of iceblast (11/15)
 v - a wand of confusion (28/48)
 H - a wand of acid (8/15)
 S - a wand of enslavement (10/24)
 V - a wand of confusion (34/48)
Scrolls
 e - a scroll of fear
 f - 6 scrolls of teleportation
 l - a scroll of fog
 q - 2 scrolls of remove curse
 x - 2 scrolls of enchant armour
 y - a scroll of recharging
 M - 2 scrolls of amnesia
Potions
 d - a potion of lignification {unknown}
 i - a potion of ambrosia {unknown}
 j - 3 potions of mutation
 n - 10 potions of curing
 o - 5 potions of heal wounds
 w - 4 potions of might
 A - 2 potions of agility
 B - 3 potions of berserk rage {unknown}
 E - 2 potions of haste {unknown}
 F - a potion of cure mutation {unknown}
 G - 3 potions of invisibility {unknown}
 P - a potion of brilliance {unknown}
 R - 2 potions of magic {unknown}
Books
 K - a book of Maledictions

   Spells                             Type                      Level
   a - Corona                         Hexes                        1
   b - Ensorcelled Hibernation        Hexes/Ice                    2
   c - Confuse                        Hexes                        3
   d - Tukima's Dance                 Hexes                        3
   e - Dazzling Spray                 Conjuration/Hexes            3
   Trog disapproves of the use of such an item.
Miscellaneous
 U - a fan of gales
Comestibles
 c - 6 bread rations
 z - 2 slices of pizza
 L - 7 fruits
 Q - 4 meat rations
 T - 2 royal jellies


   Skills:
 + Level 12.4 Fighting
 * Level 15.9 Axes
 - Level 2.4 Armour
 - Level 2.1 Dodging


You had 10 spell levels left.
You didn't know any spells.

Dungeon Overview and Level Annotations

Branches:
Dungeon (10/15)            Temple (0/1) D:4            Lair (1/8) D:10
    Orc (0/2) D:10

Altars:
Elyvilon
Fedhas
Gozag
Kikubaaqudgha
Nemelex Xobeh
Pakellas
Ru
Sif Muna
Zin

Shops:
D:6 [   D:7 (

Annotations:
Lair:1 Gastronok


Innate Abilities, Weirdness & Mutations

You reflexively headbutt those who attack you in melee.
You have a pair of horns on your head.


Message History

The air twists around and strikes you!
You hit Gastronok. You headbutt Gastronok!
Gastronok is heavily wounded.
You slice Gastronok!! You headbutt Gastronok!
Gastronok is almost dead.
Gastronok waves his eye-stalks in wide circles.
The air twists around and strikes you!
Unknown command.
You slash Gastronok!
You headbutt Gastronok, but do no damage.
Gastronok is almost dead.
Gastronok bites you!!
* * * LOW HITPOINT WARNING * * *
Your scale mail prevents you from hitting Gastronok.
Gastronok is almost dead.
You hit Gastronok.
Gastronok is almost dead.
Gastronok waves his eye-stalks in wide circles.
The air twists around and strikes you!
You die...

##.# #....#####..##...# ##
##.########...#.#...###...######.
##......'...................+.###
.....#.##8.....8..8..8.....8#.##P
.....##.+...................+..##
........##.....##...#.#...##.....
......####....####.####...#......
.....### ###...##.#.##....##.....
.......#P####...@####............
..###........#..w.8....##........
..###......PP..[......####.......
................#.>.#.#########..
##.##.##.##......#.###....#####..
#.######....................##...
..# #.....#########.####......
#.######.....P# ##.P# ##.....
#.≈.≈.....>...# ##..# ##....


You could see Gastronok.

Vanquished Creatures
  A centaur zombie (D:8)
  4 spiny frogs (Lair:1)
  A komodo dragon (D:10)
  2 two-headed ogres
  Eustachio (D:4)
  A basilisk (Lair:1)
  2 hippogriffs (Lair:1)
  A steam dragon (D:10)
  Menkaure (D:4)
  2 porcupines (Lair:1)
  2 water moccasins
  A swamp drake (D:10)
  A black bear (D:8)
  2 phantoms
  8 ice beasts
  A wasp (D:10)
  2 sky beasts
  3 ogres
  A necrophage (D:5)
  4 centaurs
  A crocodile (D:10)
  A gnoll sergeant (D:5)
  A giant frog (Lair:1)
  A wyvern skeleton (D:8)
  2 scorpions (D:5)
  5 killer bees (D:3)
  2 howler monkeys
  An electric eel (Lair:1)
  6 crimson imps
  A giant frog zombie (D:7)
  3 jellies (D:9)
  6 orc priests
  A gnoll shaman (D:5)
  A hound (D:8)
  A centaur skeleton (D:4)
  5 iguanas
  9 orc wizards
  4 worker ants
  A hound zombie (D:5)
  A hound skeleton (D:9)
  A howler monkey zombie (D:5)
  40 gnolls
  13 adders
  A shadow imp (D:10)
  3 white imps (Lair:1)
  8 oozes
  A worm (D:3)
  2 adder skeletons
  2 dart slugs
  9 giant geckos
  39 orcs
  7 ball pythons
  7 bats
  4 giant cockroaches
  13 goblins
  5 hobgoblins
  15 jackals
  4 quokkas
  4 giant newts
  3 kobolds
  A quokka zombie (D:5)
  9 rats
285 creatures vanquished.

Vanquished Creatures (collateral kills)
  Erica (Lair:1)
  A porcupine (Lair:1)
  A giant frog (Lair:1)
  13 gnolls (D:5)
  9 white imps (Lair:1)
25 creatures vanquished.

Grand Total: 310 creatures vanquished

Notes
Turn   | Place    | Note
--------------------------------------------------------------
     0 | D:1      | Eucla the Minotaur Berserker began the quest for the Orb.
     0 | D:1      | Reached XP level 1. HP: 19/19 MP: 0/0
    20 | D:1      | Reached skill level 4 in Axes
    20 | D:1      | Reached XP level 2. HP: 14/27 MP: 1/1
   502 | D:1      | Reached XP level 3. HP: 29/33 MP: 2/2
   671 | D:1      | Reached ** piety under Trog
  1098 | D:2      | Found a sacrificial altar of Ru.
  1140 | D:2      | Found a blossoming altar of Fedhas.
  1183 | D:2      | Found a white marble altar of Elyvilon.
  1313 | D:2      | Reached skill level 5 in Axes
  1335 | D:2      | Reached XP level 4. HP: 28/41 MP: 3/3
  1573 | D:2      | Found an oddly glowing altar of Pakellas.
  1724 | D:3      | Reached *** piety under Trog
  1862 | D:3      | Reached skill level 5 in Fighting
  1862 | D:3      | Reached skill level 6 in Axes
  1862 | D:3      | Reached XP level 5. HP: 48/48 MP: 4/4
  1868 | D:3      | Reached skill level 7 in Axes
  1868 | D:3      | Reached XP level 6. HP: 56/56 MP: 5/5
  1999 | D:3      | Found a glowing silver altar of Zin.
  2033 | D:3      | Noticed an ice beast
  2046 | D:3      | Killed an ice beast
  2279 | D:3      | Found an ancient bone altar of Kikubaaqudgha.
  2587 | D:4      | Noticed Eustachio
  2621 | D:4      | Killed Eustachio
  2621 | D:4      | Reached skill level 8 in Axes
  2621 | D:4      | Reached XP level 7. HP: 60/64 MP: 6/6
  2821 | D:4      | Reached skill level 9 in Axes
  2939 | D:4      | Noticed Menkaure
  2945 | D:4      | Killed Menkaure
  2997 | D:4      | Found a staircase to the Ecumenical Temple.
  3368 | D:5      | Entered Level 5 of the Dungeon
  3395 | D:5      | Reached **** piety under Trog
  3395 | D:5      | Reached XP level 8. HP: 69/73 MP: 7/7
  3444 | D:5      | Reached skill level 10 in Axes
  3816 | D:5      | Reached ***** piety under Trog
  3822 | D:5      | Reached skill level 11 in Axes
  4279 | D:6      | Reached XP level 9. HP: 79/83 MP: 8/8
  4293 | D:6      | Reached skill level 12 in Axes
  4310 | D:6      | Found Orphaffa's Armour Shoppe.
  4398 | D:6      | Bought a +3 scale mail of poison resistance for 230 gold pieces
  4435 | D:6      | Found a deep blue altar of Sif Muna.
  4876 | D:7      | Found Ymithral's Antique Weapon Shoppe.
  5052 | D:7      | Received a gift from Trog
  5409 | D:8      | Found a sacrificial altar of Ru.
  5456 | D:8      | Reached skill level 10 in Fighting
  5456 | D:8      | Reached skill level 13 in Axes
  5748 | D:8      | Found a sparkling altar of Nemelex Xobeh.
  6105 | D:7      | Bought a glowing battleaxe for 195 gold pieces
  6157 | D:9      | Reached XP level 10. HP: 87/94 MP: 9/9
  6202 | D:9      | Reached skill level 14 in Axes
  6786 | D:10     | Entered Level 10 of the Dungeon
  6961 | D:10     | Found a staircase to the Orcish Mines.
  7189 | D:10     | Found a staircase to the Lair.
  7344 | D:10     | Found an opulent altar of Gozag.
  7929 | Lair:1   | Entered Level 1 of the Lair of Beasts
  7993 | Lair:1   | Noticed a spiny frog
  8003 | Lair:1   | Killed a spiny frog
  8003 | Lair:1   | Reached skill level 15 in Axes
  8011 | Lair:1   | Noticed a spiny frog
  8016 | Lair:1   | Killed a spiny frog
  8083 | Lair:1   | Received a gift from Trog
  8162 | Lair:1   | Noticed a spiny frog
  8164 | Lair:1   | Noticed a spiny frog
  8169 | Lair:1   | Killed a spiny frog
  8172 | Lair:1   | Killed a spiny frog
  8205 | Lair:1   | Noticed Erica
  8211 | Lair:1   | Killed Erica
  8222 | Lair:1   | Found a frozen archway.
  8487 | IceCv    | Entered an ice cave
  8489 | IceCv    | Reached XP level 11. HP: 104/104 MP: 10/10
  8950 | Lair:1   | Noticed Gastronok
  8962 | Lair:1   | Killed from afar by Gastronok

Skill      XL: |  1  2  3  4  5  6  7  8  9 10 |
---------------+-------------------------------+-----
Axes           | 4 5 6 7 8 9 11 13 15 | 15.9
Fighting       | 4 5 6 7 9 10 12 | 12.4
Armour         | |  2.4
Dodging        | |  2.1

Action                   |  1- 3 |  4- 6 |  7- 9 | 10-12 || total
-------------------------+-------+-------+-------+-------++-------
Melee: Hand axe          |    85 |   128 |   396 |       ||   609
       Headbutt          |    13 |    19 |    90 |    32 ||   154
       Battleaxe         |       |       |     2 |   147 ||   149
Invok: Berserk           |     2 |     1 |     2 |     1 ||     6
       Trog's Hand       |       |       |     3 |       ||     3
       Brothers in Arms  |       |       |     1 |     1 ||     2
  Use: Scroll            |       |       |       |    21 ||    21
       Potion            |       |       |       |     2 ||     2
  Eat: Bread ration      |     2 |       |     1 |       ||     3
       Pizza             |       |       |     1 |       ||     1
       Fruit             |       |       |     3 |       ||     3
       Chunk             |       |       |     2 |       ||     2
       Royal jelly       |       |       |     1 |     9 ||    10
       Beef jerky        |       |       |     1 |       ||     1
Armor: Animal skin       |    10 |       |       |       ||    10
       Plate armour      |    45 |    71 |   151 |       ||   267
       Scale mail        |       |       |    58 |    58 ||   116
Dodge: Dodged            |    45 |    58 |   154 |    74 ||   331
